 Dungeon Sprint DCSS version 0.17-a0-1133-gfb1399f (webtiles) character file.

28 esc the Insei (level 3, -15/23 HPs)
             Began as an Octopode Transmuter on May 25, 2015.
             Demolished by an ogre
             ... wielding a +0 giant club
              (22 damage)
             ... in the Dungeon (Sprint I: "Red Sonja").
             The game lasted 00:01:32 (36 turns).

esc the Insei (Octopode Transmuter)                   Turns: 36, Time: 00:01:32

Health: -15/23     AC:  1    Str:  9    XL:     3   Next: 12%
Magic:  2/6        EV: 12    Int: 16    God:
Gold:   0          SH:  0    Dex: 12    Spells: 2 memorised, 3 levels left

rFire  . . .     SeeInvis .     a - 10 arrows
rCold  . . .     Clarity  .     (no shield)
rNeg   . . .     SustAt   .     (helmet restricted)
rPois  .         Gourm    .     (no amulet)
rElec  .         Spirit   .     (no ring)
rCorr  .         Warding  .     (no ring)
rMut   .         NoTele   +     (no ring)
MR     .....                    (no ring)
Stlth  ++........               (no ring)
                                (no ring)
                                (no ring)
                                (no ring)

@: not resistant to hostile enchantments, unstealthy
A: almost no armour, amphibious, 8 rings, constrict 8, camouflage 1, gelatinous
body 1
a: no special abilities


You were in the Dungeon.
You were not hungry.

You visited 1 branch

Inventory:

Missiles
 a - 10 arrows (in tentacle)
Scrolls
 i - a scroll of blinking {!r}
Potions
 d - a potion of curing
 e - a potion of heal wounds
 f - a potion of haste
 g - 2 potions of magic
 h - a potion of berserk rage {!q}
Books
 b - a book of Changes
Comestibles
 c - a bread ration {@e1}
 j - a chunk of flesh {@w0}


   Skills:
 - Level 1.0 Fighting
 - Level 2.0 Dodging
 + Level 5.1 Unarmed Combat
 - Level 2.0 Spellcasting
 + Level 4.6 Transmutations


You had 3 spell levels left.
You knew the following spells:

 Your Spells              Type           Power        Failure   Level  Hunger
a - Beastly Appendage     Trmt           ###...       3%          1    #......
s - Sticks to Snakes      Trmt           ###.......   6%          2    ###....


Dungeon Overview and Level Annotations

Branches:
Dungeon (1/1)

Altars:


Innate Abilities, Weirdness & Mutations

You cannot wear most types of armour.
You are amphibious.
You can wear up to eight rings at the same time.
You can use your tentacles to constrict eight enemies at once.
Your skin changes colour to match your surroundings (Stealth).
Your rubbery body absorbs attacks (AC +1).


Message History

Welcome, esc the Octopode Transmuter.
Found a staircase leading out of the dungeon.
Okay, then.
You open the door.
Ijyb the Twisted Goblin comes into view.
Ijyb shouts!
One of your tentacles grows a vicious spike.
You now have 2/3 mp.
Unknown command.
You tentacle-slap Ijyb. You grab Ijyb. You squeeze Ijyb.
You constrict Ijyb, but do no damage. Ijyb barely misses you.
You tentacle-slap Ijyb.
You pierce Ijyb, but do no damage.
You constrict Ijyb, but do no damage. Ijyb closely misses you.
You tentacle-slap Ijyb.
You pierce Ijyb, but do no damage.
You squeeze Ijyb, but do no damage.
Your transformation is almost over.
You constrict Ijyb, but do no damage. Ijyb hits you.
You take 2 damage, and have 11/13 hp.
You tentacle-slap Ijyb but do no damage.
You constrict Ijyb. Ijyb barely misses you.
You tentacle-slap Ijyb but do no damage.
You pierce Ijyb, but do no damage.
You constrict Ijyb, but do no damage. Ijyb screams, "I no like you!"
Ijyb hits you.
You take 1 damage, and have 10/13 hp.
You tentacle-slap Ijyb. You constrict Ijyb. Ijyb hits you.
You take 3 damage, and have 7/13 hp.
MASSIVE DAMAGE!!
You tentacle-slap Ijyb but do no damage.
You squeeze Ijyb, but do no damage. You constrict Ijyb, but do no damage.
Ijyb hits you.
You take 1 damage, and have 6/13 hp.
You tentacle-slap Ijyb.
You pierce Ijyb.
You constrict Ijyb, but do no damage. Ijyb hits you.
You take 2 damage, and have 4/13 hp.
You tentacle-slap Ijyb. You constrict Ijyb. Ijyb barely misses you.
You tentacle-slap Ijyb.
You kill Ijyb!
Your Unarmed Combat skill gained 2 levels and is now at level 5!
Your Transmutations skill gained 2 levels and is now at level 4!
You have reached level 2!
You have reached level 3!
Your experience leads to an increase in your attributes!
Increase (S)trength, (I)ntelligence, or (D)exterity?
You feel clever.
You regained 2 hp, and now have 6/23 hp.
There is an open door here.
Things that are here:
a leather armour; the goblin corpse of Ijyb You butcher the goblin corpse of Ijyb.
Your tentacle spike disappears.
j - a chunk of flesh {@w0}
There is an open door here.
Things that are here:
a leather armour; the goblin skeleton of Ijyb Memorise Sticks to Snakes, consuming 2 spell levels and leaving 3?
You start memorising the spell.
You continue memorising.
You continue memorising.
You finish memorising.
Spell assigned to 's'.
Wield which item (- for none, * to show all)? (? for menu, Esc to quit)
a - 12 arrows (in tentacle)
You open the door.
An ogre comes into view. It is wielding a giant club.
The ogre shouts!
You create a snake!
You now have 2/6 mp.
Your ball python bites the ogre.
There is an open door here.
Things that are here:
a leather armour; the goblin skeleton of Ijyb
Casting: Sticks to Snakes You create a snake!
The ogre barely misses you.
Your ball python bites the ogre but does no damage.
You now have 1/6 mp.
Your ball python bites the ogre.
Your adder bites the ogre.
The ogre closely misses your adder.
Your adder bites the ogre.
The ogre is poisoned.
Your adder poisons the ogre!
Your ball python bites the ogre.
Your adder bites the ogre.
Your ball python bites the ogre but does no damage.
The ogre hits your adder with a giant club!!
Your adder dies!
Casting: Sticks to Snakes You don't have enough magic to cast that spell.
Drink which item? (? for menu, Esc to quit)
Okay, then.
Your ball python barely misses the ogre.
There is a fountain of clear blue water here.
Your ball python bites the ogre.
The ogre hits you with a giant club!!
Ouch! That really hurt!
You die...

##########
#<.#..'..#
#..[.S#..+
#..#### +#
#..# #.S#
#@O# #⌠⌠#
####


You could see an ogre and a friendly ball python.

Vanquished Creatures
  Ijyb (D)
1 creature vanquished.

Notes
Turn   | Place    | Note
--------------------------------------------------------------
     0 | D        | esc the Octopode Transmuter began the quest for the Orb.
     0 | D        | Reached XP level 1. HP: 13/13 MP: 3/3
     1 | D        | Noticed Ijyb
    13 | D        | Killed Ijyb
    13 | D        | Reached skill level 5 in Unarmed Combat
    13 | D        | Reached skill level 4 in Transmutations
    13 | D        | Reached XP level 2. HP: 5/18 MP: 3/5
    13 | D        | Reached XP level 3. HP: 6/23 MP: 3/6
    22 | D        | Learned a level 2 spell: Sticks to Snakes
    23 | D        | Noticed an ogre
    36 | D        | Demolished by an ogre

Vault maps used:
D:        dungeon_sprint_1

Action                   || total
-------------------------++-------
Melee: Unarmed           ||    10
 Cast: Beastly Appendage ||     1
       Sticks to Snakes  ||     2

Vault maps used:
D:        dungeon_sprint_1

Table legend:
 A = Turns spent in this place as a percentage of turns spent in the entire game.
 B = Non-inter-level travel turns spent in this place as a percentage of non-inter-level travel turns spent in the entire game.
 C = Inter-level travel turns spent in this place as a percentage of turns spent in this place.
 D = Turns resting spent in this place as a percentage of non-inter-level travel turns spent in this place.
 E = Turns spent auto-exploring this place as a percentage of non-inter-level travel turns spent in this place.
 F = Non-inter-level travel turns spent in this place divided by the number of levels of this place that you've seen.
                   A       B       C       D       E      F
               +-------+-------+-------+-------+-------+----------------------
         Total | 100.0 | 100.0 |   0.0 |   0.0 |   0.0 |  39.0
       Dungeon | 100.0 | 100.0 |   0.0 |   0.0 |   0.0 |  39.0
               +-------+-------+-------+-------+-------+----------------------

Table legend:
 A = Kills in this place as a percentage of kills in entire the game.
 B = Kills by you in this place as a percentage of kills by you in the entire game.
 C = Kills by friends in this place as a percentage of kills by friends in the entire game.
 D = Other kills in this place as a percentage of other kills in the entire game.
 E = Experience gained in this place as a percentage of experience gained in the entire game.
 F = Experience gained in this place divided by the number of levels of this place that you have seen.
                   A       B       C       D       E      F
               +-------+-------+-------+-------+-------+----------------------
         Total | 100.0 | 100.0 |  -nan |  -nan | 100.0 |  40.0
       Dungeon | 100.0 | 100.0 |  -nan |  -nan | 100.0 |  40.0
               +-------+-------+-------+-------+-------+----------------------
